 Dungeon Crawl Stone Soup version 0.31-a0-868-g674d60d6f7 (webtiles) character file.

Game seed: 5085681567577784193

301593 Shayle the Skinwalker (level 21, -13/144 (164) HPs)
             Began as a Human Shapeshifter on Oct 11, 2023.
             Was the Champion of Ru.
             Shot with an arrow by a deep elf master archer (36 damage)
             ... on level 3 of the Elven Halls.
             The game lasted 02:39:53 (51897 turns).

Shayle the Skinwalker (Human Shapeshifter)         Turns: 51897, Time: 02:39:55

HP:   -13/144 (164) AC: 15    Str: 16      XL:     21   Next: 95%
MP:   1/27          EV: 21    Int: 15      God:    Ru [******]
Gold: 4608          SH:  9    Dex: 24 (25) Spells: 13/28 levels left

rFire   + +          .
                       - Unarmed
rCold   + . .        n - +3 warlock's mirror {omnireflect}
rNeg    + + +        L - +4 ring mail of the Abyss {rF++}
rPois   ∞            I - +1 hat {Int+3}
rElec   .            M - +0 cloak {rCorr}
rCorr   +            J - +1 pair of gloves
SInv    .            N - +1 pair of boots
Will    ++...        K - amulet of the acrobat Stlth
                     r - +4 ring of slaying
HPRegen 0.00/turn    f - +6 ring of dexterity
MPRegen 0.20/turn

%: reflection, acrobat
@: exhausted, death-form, on siphon cooldown, inhibited regen, heavily drained
A: vile attack, torment immunity, no potions, clumsy 1, inhibited regeneration,
no stealth, inability to use devices, hated by all, no air magic, no necromancy
magic, no transmutations magic
}: 2/15 runes: decaying, serpentine
a: Siphon Essence, Begin Untransformation, Renounce Religion, Draw Out Power,
Power Leap, Apocalypse


You were on level 3 of the Elven Halls.
You worshipped Ru.
Ru was exalted by your worship.
You were an undying horror.
You visited 8 branches of the dungeon, and saw 36 of its levels.
You visited the Abyss 1 time.

You collected 4668 gold pieces.
You spent 60 gold pieces at shops.

Inventory:

Hand Weapons
 p - the +3 war axe of the Golden God {freeze, rElec rPois rN+ Stlth+}
   (You found it on level 14 of the Dungeon)

   rElec:     It insulates you from electricity.
   rPois:     It protects you from poison rN+: It protects you from negative
   energy.
   Stlth+:    It makes you more stealthy.
 F - a +7 scimitar of flaming
Missiles
 U - 4 curare-tipped darts (quivered)
Armour
 l - +2 swamp dragon scales
 n - the +3 warlock's mirror (worn) {omnireflect}
   (You acquired it on level 2 of the Vaults)

   Omnireflect: It can block and reflect piercing ranged attacks and magical
   attacks against the wielder's willpower.
 I - a +1 hat of intelligence (worn)
 J - a +1 pair of gloves (worn)
 L - the +4 ring mail of the Abyss (worn) {rF++}
   (You found it on level 9 of the Dungeon)

   rF++:      It greatly protects you from fire.
 M - a +0 cloak of preservation (worn)
 N - a +1 pair of boots (worn)
Jewellery
 f - a +6 ring of dexterity (right hand)
 m - the ring "Ciacoigi" {Fire Fly rElec rN+ Str+3}
   (You acquired it on level 9 of the Dungeon)

   [ring of fire]

   Fire:      It enhances your fire magic.
   Str+3:     It affects your strength (+3).
   rF+:       It protects you from fire.
   rC-:       It makes you vulnerable to cold.
   rElec:     It insulates you from electricity.
   rN+:       It protects you from negative energy.
   Fly:       It grants you flight.
 r - a +4 ring of slaying (left hand)
 s - a ring of magical power
 y - a ring of flight
 G - a ring of resist corrosion
 K - an amulet of the acrobat (around neck)
Talismans
 o - a dragon-blood talisman
 q - a talisman of death (active)
 R - a granite talisman
Scrolls
 a - 5 scrolls of immolation
 g - 5 scrolls of amnesia
 h - 12 scrolls of teleportation
 j - 7 scrolls of noise
 k - 6 scrolls of revelation
 t - 4 scrolls of vulnerability
 u - 4 scrolls of blinking
 A - 10 scrolls of identify
 P - 2 scrolls of fear
 Q - 4 scrolls of poison
 S - 5 scrolls of fog
 W - a scroll of silence
Potions
 b - 2 potions of magic
 c - 2 potions of heal wounds
 d - a potion of resistance
 e - 2 potions of invisibility
 i - a potion of might
 v - a potion of attraction
 w - 2 potions of berserk rage
 x - 6 potions of curing
 z - 6 potions of mutation
 B - 8 potions of enlightenment
 C - 5 potions of haste
 D - 3 potions of brilliance
 E - 2 potions of ambrosia
 H - 3 potions of lignification


   Skills:
 - Level 13.7 Fighting
 - Level 0.3 Armour
 - Level 13.6 Dodging
 + Level 4.5 Shields
 - Level 15.9 Unarmed Combat
 + Level 4.1 Spellcasting
 + Level 4.5 Conjurations
 + Level 4.5 Fire Magic
 + Level 4.4 Ice Magic
 + Level 4.3 Earth Magic
 - Level 24.1 Shapeshifting


You had 13 spell levels left.
You knew the following spells:

 Your Spells              Type           Power      Damage    Failure   Level
a - Mephitic Cloud        Conj/Pois/Air  7%         N/A       56%         3
b - Olgreb's Toxic Radia  Pois           3%         N/A       99%         4
c - Ignition              Fire           8%         3d5       100%        8

Your spell library contained the following spells:

 Spells                   Type           Power      Damage    Failure   Level
 Foxfire                  Conj/Fire      64%        2x1d7     7%          1
 Magic Dart               Conj           64%        1d6       7%          1
 Ensorcelled Hibernation  Hex/Ice        18%        N/A       26%         2
 Momentum Strike          Conj/Tloc      18%        3d8       26%         2
 Slow                     Hex            12%        N/A       41%         1
 Blink                    Tloc           6%         N/A       54%         2
 Lesser Beckoning         Tloc           6%         N/A       54%         2
 Sticky Flame             Conj/Fire      16%        2d4       54%         4
 Confusing Touch          Hex            3%         N/A       78%         3
 Gell's Gravitas          Tloc           3%         N/A       78%         3
 Sigil of Binding         Hex            3%         N/A       78%         3
 Teleport Other           Tloc           3%         N/A       78%         3
 Passage of Golubria      Tloc           3%         N/A       99%         4
 Dispersal                Tloc           1%         N/A       100%        6
 Starburst                Conj/Fire      8%         6d4       100%        6
 Lehudib's Crystal Spear  Conj/Erth      8%         10d3      100%        8
 Passwall                 Tmut/Erth      Unusable   N/A       N/A         2
 Sting                    Tmut/Pois      Unusable   1d3       N/A         1
 Call Imp                 Summ           Unusable   N/A       N/A         2
 Poisonous Vapours        Pois/Air       Unusable   N/A       N/A         2
 Sublimation of Blood     Necr           Unusable   N/A       N/A         2
 Ignite Poison            Fire/Tmut/Pois Unusable   N/A       N/A         3
 Swiftness                Air            Unusable   N/A       N/A         3
 Tukima's Dance           Hex            Unusable   N/A       N/A         3
 Vampiric Draining        Necr           Unusable   2d6       N/A         3
 Petrify                  Tmut/Erth      Unusable   N/A       N/A         4
 Irradiate                Conj/Tmut      Unusable   3d13      N/A         5
 Silence                  Hex/Air        Unusable   N/A       N/A         5
 Yara's Violent Unravell  Hex/Tmut       Unusable   3d3       N/A         5
 Plasma Beam              Fire/Air       Unusable   2x1d14    N/A         6

Dungeon Overview and Level Annotations

Branches:
Dungeon (15/15)            Temple (1/1) D:7            Lair (5/5) D:10
  Swamp (4/4) Lair:2        Snake (4/4) Lair:3        Slime (0/5) Lair:5
    Orc (2/2) D:11            Elf (3/3) Orc:2        Vaults (2/5) D:14
 Depths (0/4) D:15
  Crypt: Vaults:2-3

Altars:
Ashenzari
Cheibriados
Dithmenos
Elyvilon
Gozag
Kikubaaqudgha
Makhleb
Nemelex Xobeh
Okawaru
Qazlal
Ru
Sif Muna
Trog
Uskayaw
Vehumet
Wu Jian
Xom
Zin
The Shining One

Shops:
Orc:2 =*([   Elf:3 *   Snake:1 *   Snake:2 :=:   Vaults:2 (

Annotations:
D:2 1 runed translucent door, Crazy Yiuf
D:6 2 runed translucent doors, relicbr's ghost, novice TeAE
Swamp:4 3 runed translucent doors, Doj's ghost, adept MiFi
Snake:2 1 runed translucent door, pokeman's ghost, adept DEHW
Vaults:2 3 runed translucent doors


Innate Abilities, Weirdness & Mutations

You are an undying horror.
Your melee and unarmed attacks drain, slow and weaken victims.
You are immune to unholy pain and torment.
You cannot drink.
You are immune to poison.
You are clumsy. (Dex -2)
You do not regenerate when monsters are visible.
You cannot be stealthy.
You cannot study or use magical devices.
You are hated by all.
You cannot study or cast Air magic.
You cannot study or cast Necromancy magic.
You cannot study or cast Transmutations magic.


Message History

The hell hound completely misses you.
The deep elf master archer shoots an arrow.
The arrow misses you.
The deep elf master archer shoots an arrow.
The arrow hits you!!
* * * LOW HITPOINT WARNING * * *
Unknown command.
You cannot drink potions in your current state!
Unknown command.
Okay, then.
As you read the scroll of fear, it crumbles to dust.
You assume a fearsome visage.
The deep elf master archer looks frightened!
The deep elf sorcerer resists with almost no effort.
The hell hound looks frightened!
Cornered, the hell hound turns to fight!
You miss the deep elf sorcerer.
The deep elf sorcerer is heavily wounded.
The deep elf sorcerer begins to cast a spell, but is stunned by your conviction!
The hell hound misses you.
Unknown command.
You punch the deep elf sorcerer!
The deep elf sorcerer decays.
The deep elf sorcerer is severely wounded.
The hell hound begins to attack, but is stunned by your conviction!
You redirect the deep elf sorcerer's attack!
The deep elf sorcerer hits the deep elf master archer with a +0 long sword!
The deep elf sorcerer's attack snaps the deep elf master archer out of its fear.
You catch the helpless deep elf sorcerer completely off-guard!
You pummel the deep elf sorcerer!!
You kill the deep elf sorcerer!
The hell hound closely misses you.
Unknown command.
Okay, then.
You barely miss the hell hound.
The hell hound begins to attack, but is stunned by your conviction!
The deep elf master archer shoots an arrow.
The arrow closely misses you.
The deep elf master archer shoots an arrow.
The arrow hits you!!!
You die...

#.......#.......###.#..
##..............'...##.
##.............'......
##............#..####
#''###.......#..#
#....'.......#..####
#.[###.......#......
####
#..#####'#####...###
#..#######..zh# #.#
#...# #..........†#)#
#.# #...#
#############e# ###
##### #.# #.# #.# #.#
#.# #.#


You could see a deep elf master archer and a hell hound.

Vanquished Creatures
  An ancient lich (Vaults:2)
  Nikola (Snake:3)
  Norris (Vaults:1)
  Mlioglotl (Swamp:4)
  Asterion (Vaults:1)
  An Executioner (Abyss:3)
  Jorgrun (D:13)
  Frances (D:13)
  Gastronok (D:10)
  2 nagarajas (Snake:4)
  4 deep elf sorcerers
  4 fenstrider witches
  A deep elf elementalist (Elf:1)
  Louise (Elf:2)
  2 vault wardens
  11 ironbound preservers
  An orc warlord (Orc:2)
  2 stone giants
  A cacodemon (Vaults:2)
  3 ironbound thunderhulks
  A formless jellyfish (Vaults:2)
  4 eleionomae
  4 bunyips (Swamp:4)
  10 dire elephants
  Snorg (D:14)
  3 fire dragons (Swamp:4)
  A shambling mangrove (Swamp:2)
  5 yaktaur captains
  A great orb of eyes (Vaults:1)
  A rakshasa (Abyss:3)
  8 vault guards
  6 salamander tyrants
  Erica (Lair:1)
  2 catoblepae
  16 hydras
  6 ironbound frosthearts
  An ogre mage (D:15)
  8 alligators
  2 ghost crabs
  15 anacondas
  29 dancing weapons
  12 two-headed ogres
  7 centaur warriors
  2 boulder beetles
  4 tengu warriors
  5 death yaks
  4 hell hogs
  11 naga warriors
  2 orc high priests
  3 thrashing horrors (Abyss:3)
  Urug (Orc:2)
  8 shock serpents
  11 deep elf knights
  6 skysharks
  17 naga sharpshooters
  The ghost of dragonking145 the Basher, a novice GrFi of Zin (Orc:1)
  Sonja (Lair:5)
  Nergalle (Orc:2)
  3 salamander mystics
  A goliath frog (Swamp:3)
  A fire crab (shapeshifter) (D:14)
  3 skeletal warriors (D:14)
  A flayed ghost (Abyss:3)
  5 naga ritualists
  19 deep trolls
  5 ironbound convokers
  4 spriggan druids
  7 sea snakes (Snake:2)
  9 swamp dragons
  3 bog bodies
  5 harpies (Vaults:1)
  11 deep elf archers
  3 wizards
  3 orc knights (Orc:2)
  18 lindwurms
  2 orc sorcerers
  17 deep elf zephyrmancers
  7 mana vipers
  24 deep elf pyromancers
  20 ugly things
  4 will-o-the-wisps
  5 manticores
  7 cyclopes
  26 salamanders
  4 elephants (Lair:3)
  7 guardian serpents
  Maurice (D:12)
  29 slime creatures
  26 black mambas
  11 naga magi
  8 vault sentinels
  11 cane toads
  A torpor snail (Lair:5)
  Psyche (D:10)
  9 komodo dragons
  Maggie (D:7)
  A rime drake (D:9)
  3 kobold demonologists
  A tengu conjurer (D:13)
  2 unseen horrors
  A freezing wraith (D:15)
  A komodo dragon (shapeshifter) (D:15)
  12 yaktaurs
  An ancient zyme (Abyss:3)
  5 polar bears
  3 tyrant leeches
  6 trolls
  A bloated husk (Swamp:4)
  26 blink frogs
  16 hornets
  2 raiju (Abyss:3)
  8 dream sheep (Lair:5)
  Grinder (D:3)
  A blink frog (shapeshifter) (D:14)
  2 shadows
  22 spriggans
  3 water elementals
  2 air elementals
  4 wyverns
  A starcursed mass (Abyss:3)
  56 yaks
  2 vampires
  3 large abominations (Abyss:3)
  8 fire elementals
  5 basilisks
  7 steam dragons
  5 vampire mosquitoes
  10 swamp worms
  Menkaure (D:7)
  6 wargs (Orc:2)
  40 nagas
  A hell hound (Abyss:3)
  14 water moccasins
  Duvessa (D:4)
  22 orc warriors
  4 ice beasts
  A hornet zombie (D:7)
  5 ogres
  A sky beast (shapeshifter) (Elf:2)
  8 black bears
  9 swamp drakes
  13 boggarts
  13 centaurs
  23 wolves
  4 phantoms
  A kobold brigand (D:9)
  Blork the orc (D:6)
  A small abomination (Abyss:3)
  3 necrophages (D:7)
  A wyvern zombie (D:7)
  5 bullfrogs
  A gnoll sergeant (D:12)
  6 scorpions
  4 earth elementals
  Dowan (D:4)
  6 howler monkeys
  A crimson imp (D:9)
  3 jellies (D:7)
  3 hounds
  11 orc priests
  16 orc wizards
  An iguana (D:5)
  2 killer bee zombies (D:7)
  A howler monkey zombie (D:7)
  Robin (D:3)
  7 gnolls
  8 adders
  2 white imps
  2 ufetubi
  2 worms
  3 dart slugs
  66 orcs
  5 bats
  7 endoplasms
  2 giant cockroaches
  19 goblins
  10 hobgoblins
  8 kobolds
  7 quokkas
  4 ball pythons (D:2)
  12 frilled lizards
  6 rats
1210 creatures vanquished.

Vanquished Creatures (others)
  A deep elf blademaster (Elf:2)
  2 hydras
  An alligator (Swamp:4)
  An anaconda (Snake:3)
  A wretched star (Abyss:3)
  A goliath frog (Swamp:1)
  A deep troll (Vaults:1)
  A deep elf archer (Elf:2)
  2 black mambas (Snake:3)
  A cane toad (Lair:1)
  A hornet (Swamp:1)
  2 bloated husks (Swamp:1)
  2 spriggans (Swamp:1)
  2 yaks
  A hell hound (Elf:3)
  3 foxfires (Swamp:4)
23 creatures vanquished.

Grand Total: 1233 creatures vanquished

Notes
Turn   | Place    | Note
-------+----------+-------------------------------------------
     0 | D:1      | Shayle the Human Shapeshifter began the quest for the Orb.
     0 | D:1      | Reached XP level 1. HP: 15/15 MP: 1/1
   134 | D:1      | Reached XP level 2. HP: 18/21 MP: 2/2
   323 | D:1      | Reached XP level 3. HP: 17/26 MP: 3/3
  1061 | D:2      | Found a runed translucent door.
  1062 | D:2      | Noticed Crazy Yiuf
  1127 | D:2      | Reached XP level 4. HP: 29/33 MP: 4/4
  1711 | D:3      | Reached XP level 5. HP: 39/39 MP: 5/5
  1959 | D:3      | Found a faded altar of an unknown god.
  1959 | D:3      | Found a faded altar of an unknown god.
  1961 | D:3      | Found a hazy altar of Hepliaklqana.
  2063 | D:3      | Reached skill level 4 in Shapeshifting
  2218 | D:4      | Noticed Grinder
  2325 | D:4      | Noticed Robin
  2330 | D:3      | Killed Robin
  2394 | D:4      | Paralysed by Grinder for 2 turns
  2409 | D:3      | Paralysed by Grinder for 2 turns
  2425 | D:3      | Killed Grinder
  2426 | D:3      | Reached XP level 6. HP: 48/48 MP: 6/6
  2502 | D:4      | Found an ancient bone altar of Kikubaaqudgha.
  2541 | D:4      | Noticed an ice beast
  2548 | D:4      | Killed an ice beast
  2549 | D:4      | Reached skill level 5 in Shapeshifting
  2549 | D:4      | Reached XP level 7. HP: 48/55 MP: 7/7
  2716 | D:4      | Reached skill level 5 in Fighting
  2817 | D:4      | Noticed Dowan
  3005 | D:4      | Found a burning altar of Makhleb.
  3134 | D:4      | Noticed Duvessa
  3141 | D:4      | Killed Duvessa
  3146 | D:4      | Killed Dowan
  3147 | D:4      | Reached XP level 8. HP: 17/63 MP: 8/8
  3423 | D:5      | Entered Level 5 of the Dungeon
  3466 | D:5      | Reached skill level 6 in Shapeshifting
  3712 | D:5      | Found a basalt altar of Yredelemnul.
  3844 | D:5      | Found a large runed translucent door.
  3851 | D:5      | Found a large runed translucent door.
  4133 | D:5      | Found an iron altar of Okawaru.
  4139 | D:5      | Found a broken altar of Ashenzari.
  4203 | D:5      | Reached skill level 7 in Shapeshifting
  4381 | D:5      | Found a shimmering altar of Xom.
  4453 | D:5      | You fall into a shaft and drop 2 floors!
  4471 | D:6      | Found a large runed translucent door.
  4471 | D:6      | Found a large runed translucent door.
  4474 | D:6      | Noticed relicbr's ghost (novice TeAE)
  4494 | D:7      | Reached XP level 9. HP: 62/72 MP: 9/9
  4648 | D:6      | Found a white marble altar of Elyvilon.
  5227 | D:6      | Noticed Blork the orc
  5233 | D:6      | Killed Blork the orc
  5406 | D:7      | Found a staircase to the Ecumenical Temple.
  5417 | Temple   | Entered the Ecumenical Temple
  5450 | Temple   | Became a worshipper of Ru the Awakened
  5523 | D:7      | Reached skill level 8 in Shapeshifting
  5610 | D:7      | Noticed Maggie
  5621 | D:7      | Killed Maggie
  5750 | D:7      | Noticed Menkaure
  5756 | D:7      | Killed Menkaure
  6116 | D:7      | Found a blossoming altar of Fedhas.
  6342 | D:7      | Reached XP level 10. HP: 65/83 MP: 10/10
  6352 | D:7      | Reached skill level 9 in Shapeshifting
  6829 | D:8      | Paralysed by a hornet for 2 turns
  7214 | D:8      | Gained mutation: You are hated by all. [Ru sacrifice]
  7214 | D:8      | Reached * piety under Ru
  7820 | D:8      | Reached skill level 10 in Fighting
  8382 | D:9      | Identified the +4 ring mail of the Abyss {rF++}
  8497 | D:9      | Reached skill level 10 in Shapeshifting
  8699 | D:9      | Noticed a wizard
  8707 | D:9      | Killed a wizard
  8870 | D:9      | Identified 3 scrolls of acquirement
  8870 | D:9      | Acquired the +5 robe of Night {Dark Will+ SInv}
  8870 | D:9      | Found the +5 robe of Night {Dark Will+ SInv}
  8871 | D:9      | Acquired 1156 gold pieces
  8872 | D:9      | Acquired the ring "Ciacoigi" {Fire Fly rElec rN+ Str+3}
  8880 | D:9      | Learned a level 3 spell: Mephitic Cloud
  8902 | D:10     | Entered Level 10 of the Dungeon
  8902 | D:10     | Noticed Gastronok
  8903 | D:10     | Noticed a two-headed ogre
  8995 | D:10     | Noticed Psyche
  9004 | D:10     | Killed Psyche
  9005 | D:10     | Reached XP level 11. HP: 93/93 MP: 11/11
  9018 | D:10     | Killed a two-headed ogre
  9102 | D:10     | Found a shimmering blue altar of Sif Muna.
  9146 | D:10     | Reached skill level 11 in Shapeshifting
  9361 | D:10     | Noticed a two-headed ogre
  9372 | D:10     | Killed a two-headed ogre
  9826 | D:10     | Found a staircase to the Lair.
  9837 | Lair:1   | Entered Level 1 of the Lair of Beasts
 10722 | Lair:1   | Reached skill level 12 in Shapeshifting
 10731 | Lair:1   | Reached XP level 12. HP: 103/103 MP: 12/12
 10885 | Lair:1   | Identified the +6 chain mail of Midwinter {rElec Will+}
 11014 | Lair:1   | Gained mutation: You cannot be stealthy. [Ru sacrifice]
 11014 | Lair:1   | Reached ** piety under Ru
 11336 | Lair:1   | Noticed Erica
 11888 | Lair:1   | Killed Erica
 12410 | Lair:2   | Noticed a death yak
 12411 | Lair:2   | Noticed a death yak
 12411 | Lair:2   | Noticed a death yak
 12422 | Lair:2   | Noticed a death yak
 12430 | Lair:1   | Killed a death yak
 12431 | Lair:1   | Reached skill level 13 in Shapeshifting
 12563 | Lair:2   | Found a stormy altar of Qazlal.
 12669 | Lair:2   | Killed a death yak
 12800 | Lair:2   | Found a staircase to the Swamp.
 12939 | Lair:2   | Noticed a six-headed hydra
 12944 | Lair:2   | Killed a seven-headed hydra
 13215 | Lair:2   | Reached skill level 14 in Shapeshifting
 13611 | Lair:2   | Reached XP level 13. HP: 112/112 MP: 13/13
 13962 | Lair:3   | Reached skill level 5 in Dodging
 13983 | Lair:3   | Found a staircase to the Snake Pit.
 15603 | Lair:4   | Noticed an eight-headed hydra
 15606 | Lair:4   | Killed a ten-headed hydra
 16088 | Lair:5   | Entered Level 5 of the Lair of Beasts
 16197 | Lair:5   | Noticed a six-headed hydra
 16213 | Lair:5   | Killed a seven-headed hydra
 16530 | Lair:5   | Found a staircase to the Slime Pits.
 16597 | Lair:5   | Reached skill level 15 in Shapeshifting
 16597 | Lair:5   | Reached XP level 14. HP: 119/119 MP: 14/14
 16817 | Lair:5   | Reached skill level 10 in Dodging
 17554 | Lair:5   | Noticed Sonja
 17583 | Lair:5   | Killed Sonja
 18899 | D:10     | Killed Gastronok
 18939 | D:10     | Found a snail-covered altar of Cheibriados.
 19085 | D:10     | Identified the +0 leather armour of Okawaru's Approval
                  | {Will+}
 19835 | D:11     | Reached XP level 15. HP: 125/125 MP: 15/15
 20016 | D:11     | Found a staircase to the Orcish Mines.
 20766 | D:12     | Reached skill level 16 in Shapeshifting
 20926 | D:12     | Noticed Maurice
 20946 | D:12     | Something stole a granite talisman
 20947 | D:12     | Killed Maurice
 21660 | D:12     | Identified the +1 hand axe of Responsibility {holy, rPois}
 22355 | Swamp:1  | Entered Level 1 of the Swamp
 23087 | Orc:1    | Entered Level 1 of the Orcish Mines
 23304 | Orc:2    | Entered Level 2 of the Orcish Mines
 23601 | Orc:2    | Reached skill level 5 in Unarmed Combat
 23605 | Orc:2    | Found a staircase to the Elven Halls.
 23840 | Orc:2    | Gained mutation: You cannot study or use magical devices.
                  | [Ru sacrifice]
 23840 | Orc:2    | Reached *** piety under Ru
 23840 | Orc:2    | Reached **** piety under Ru
 23841 | Orc:2    | Noticed Nergalle
 23844 | Orc:2    | Noticed an orc warlord
 23846 | Orc:2    | Noticed Urug
 24148 | Orc:2    | Killed an orc warlord
 24221 | Orc:2    | Killed Urug
 24403 | Orc:2    | Killed Nergalle
 24454 | Orc:2    | Found Daipliq's Antique Weapon Emporium.
 24467 | Orc:2    | Found Ypredw Menat's General Store.
 24485 | Orc:2    | Found Mosiur's Jewellery Emporium.
 24517 | Orc:2    | Found Heonor's Antique Armour Emporium.
 25140 | Orc:1    | Found a runed translucent door.
 25140 | Orc:1    | Noticed dragonking145's ghost (novice GrFi)
 25148 | Orc:1    | Killed dragonking145's ghost
 25586 | D:13     | Noticed Jorgrun
 25592 | D:13     | Killed Jorgrun
 25783 | D:13     | Noticed Frances
 25792 | D:13     | Killed Frances
 25942 | D:13     | Reached XP level 16. HP: 132/132 MP: 16/16
 26314 | D:14     | Noticed Snorg
 26317 | D:14     | Killed Snorg
 26441 | D:14     | Identified the +3 war axe of the Golden God {freeze, rElec
                  | rPois rN+ Stlth+}
 26532 | D:14     | Found a gate to the Vaults.
 26552 | D:14     | Reached skill level 17 in Shapeshifting
 27165 | D:14     | Reached skill level 10 in Unarmed Combat
 27659 | D:15     | Entered Level 15 of the Dungeon
 28801 | D:15     | Found a staircase to the Depths.
 29673 | D:15     | Found a sparkling altar of Nemelex Xobeh.
 30526 | Swamp:1  | Noticed a fenstrider witch
 30539 | Swamp:1  | Killed a fenstrider witch
 30540 | Swamp:1  | Reached XP level 17. HP: 138/138 MP: 17/17
 31238 | Swamp:2  | Gained mutation: You cannot study or cast Air magic. [Ru
                  | sacrifice]
 31238 | Swamp:2  | Gained mutation: You cannot study or cast Transmutations
                  | magic. [Ru sacrifice]
 31238 | Swamp:2  | Gained mutation: You cannot study or cast Necromancy magic.
                  | [Ru sacrifice]
 31238 | Swamp:2  | Reached ***** piety under Ru
 31631 | Swamp:3  | Reached skill level 18 in Shapeshifting
 31745 | Swamp:3  | Paralysed by a fenstrider witch for 2 turns
 31751 | Swamp:3  | Paralysed by a fenstrider witch for 2 turns
 32188 | Swamp:4  | Entered Level 4 of the Swamp
 33440 | Swamp:4  | Got a decaying rune of Zot
 33486 | Swamp:4  | Noticed Mlioglotl
 33491 | Swamp:4  | Reached XP level 18. HP: 145/145 MP: 18/18
 33495 | Swamp:4  | Killed Mlioglotl
 33590 | Swamp:4  | Reached skill level 15 in Unarmed Combat
 33593 | Swamp:4  | Noticed Doj's ghost (adept MiFi)
 33608 | Swamp:4  | Found a runed translucent gate.
 33608 | Swamp:4  | Found a runed translucent gate.
 33609 | Swamp:4  | Found a runed translucent gate.
 34186 | Snake:1  | Entered Level 1 of the Snake Pit
 34612 | Snake:1  | Gained mutation: You do not regenerate when monsters are
                  | visible. [Ru sacrifice]
 35381 | Snake:1  | Found Buano Orugh's General Store.
 35391 | Snake:1  | Bought a scroll of fear for 60 gold pieces
 35964 | Snake:2  | Reached skill level 19 in Shapeshifting
 36476 | Snake:2  | Found a runed translucent door.
 36476 | Snake:2  | Found a shimmering altar of Xom.
 36476 | Snake:2  | Noticed pokeman's ghost (adept DEHW)
 36916 | Snake:2  | Gained mutation: You are clumsy. (Dex -2) [Ru sacrifice]
 36916 | Snake:2  | Reached ****** piety under Ru
 37395 | Snake:2  | Found Niotieff's Book Shoppe.
 37395 | Snake:2  | Found Yvvips's Jewellery Shop.
 37396 | Snake:2  | Found Himic's Book Shoppe.
 38171 | Snake:3  | Reached skill level 20 in Shapeshifting
 38447 | Snake:3  | Reached XP level 19. HP: 142/142 MP: 19/19
 38548 | Snake:3  | Noticed Nikola
 38563 | Snake:3  | Killed Nikola
 39388 | Snake:4  | Entered Level 4 of the Snake Pit
 40136 | Snake:4  | Reached skill level 21 in Shapeshifting
 40613 | Snake:4  | Got a serpentine rune of Zot
 41046 | Vaults:1 | Entered Level 1 of the Vaults
 41388 | Vaults:1 | Noticed Asterion
 41679 | Vaults:1 | Reached skill level 22 in Shapeshifting
 41682 | Vaults:1 | Killed Asterion
 41685 | Vaults:1 | Noticed Norris
 41907 | Vaults:1 | Reached XP level 20. HP: 144/144 MP: 20/20
 42925 | Vaults:1 | Killed Norris
 42942 | Vaults:1 | Reached skill level 23 in Shapeshifting
 44526 | Vaults:2 | Acquired the +3 warlock's mirror {omnireflect}
 44526 | Vaults:2 | Found the +3 warlock's mirror {omnireflect}
 45227 | Vaults:2 | Noticed an ancient lich
 45249 | Vaults:2 | Killed an ancient lich
 45575 | Vaults:2 | Reached skill level 24 in Shapeshifting
 45575 | Vaults:2 | Found Geluigoi's Weapon Shop.
 46019 | Vaults:2 | Found a runed translucent gate.
 46019 | Vaults:2 | Found a runed translucent gate.
 46019 | Vaults:2 | Noticed a tentacled monstrosity
 46020 | Vaults:2 | Found a runed translucent gate.
 46020 | Vaults:2 | Noticed a tentacled monstrosity
 46021 | Vaults:2 | Noticed a tentacled monstrosity
 46021 | Vaults:2 | Noticed a tentacled monstrosity
 46866 | Elf:1    | Entered Level 1 of the Elven Halls
 46884 | Elf:1    | Reached XP level 21. HP: 152/159 MP: 21/21
 46905 | Elf:1    | Reached skill level 1 in Shields
 46910 | Elf:1    | Reached skill level 1 in Conjurations
 46910 | Elf:1    | Reached skill level 1 in Fire Magic
 46910 | Elf:1    | Reached skill level 1 in Ice Magic
 46910 | Elf:1    | Reached skill level 1 in Earth Magic
 46977 | Elf:1    | Reached skill level 1 in Spellcasting
 48370 | Elf:1    | Learned a level 4 spell: Olgreb's Toxic Radiance
 48379 | Elf:1    | Learned a level 8 spell: Ignition
 49178 | Elf:2    | Found a runed translucent gate.
 49178 | Elf:2    | Found a runed translucent gate.
 49178 | Elf:2    | Found a runed translucent gate.
 49355 | Elf:2    | Noticed Louise
 49389 | Elf:3    | Entered Level 3 of the Elven Halls
 50382 | Elf:2    | Killed Louise
 50806 | Elf:3    | Paralysed by an air elemental for 1 turns
 51212 | Elf:3    | Found Rorurr's General Store.
 51370 | Abyss:3  | Cast into level 3 of the Abyss (a deep elf sorcerer)
 51458 | Abyss:3  | Paralysed by accursed screaming for 1 turns
 51886 | Elf:3    | Escaped the Abyss
 51897 | Elf:3    | Shot with an arrow by a deep elf master archer

Illustrated notes

Levels and vault maps discovered:
D:1:      kennysheep_arrival_seaside, layout_rooms, minmay_lizard_pond
D:2:      kennysheep_big_flooded_room, layout_rooms, minmay_hexomino_u4,
          uniq_crazy_yiuf_cottage
D:3:      layout_basic, nicolae_hepliaklqana_ecumenical_no_more
D:4:      layout_loops_ring, mainiacjoe_overflow_alcove_1, lemuel_round_altar,
          minmay_misc_feat_doors, uniq_duvessa, uniq_grinder, uniq_robin
D:5:      layout_loops_cross, mainiacjoe_overflow_concentric_impassable,
          jmf_multi_god_temple2, mainiacjoe_overflow_six_doors_small
D:6:      layout_cave_pools, lemuel_tele_altar, ebering_ghost_disaster_area,
          uniq_blork_the_orc
D:7:      layout_basic, fedhas_altar_decomposition, minmay_temple_entry_slanted,
          uniq_menkaure, uniq_maggie
D:8:      layout_basic, nicolae_underground_beach
D:9:      layout_roguey, supply_closet_lemuel, lightli_wizard_tower
D:10:     layout_cave_pools, mainiacjoe_overflow_small_starburst,
          kennysheep_mini_moat, hellmonk_lair_entry_icy, palyth_stone_intersect,
          uniq_gastronok, uniq_psyche
D:11:     layout_layer_cave, orc_0_dummy
D:12:     layout_long_grid, kennysheep_generic_room_6, uniq_maurice
D:13:     layout_rooms, uniq_jorgrun, uniq_frances
D:14:     layout_long_grid, erik_vaults_2, nicolae_the_louvre, uniq_snorg
D:15:     grunt_enter_depths_snipers, layout_layer_cave,
          nemelex_spade_bored_becter
Temple:   minmay_temple_curvy_loop
Lair:1:   layout_loops_ring, uniq_erica
Lair:2:   layout_cave_pods, swamp_mist, basic_altar, minivault_27,
          lemuel_fruit_tree, grunt_megastairs_5
Lair:3:   layout_gridlike, guppyfry_snake_entry_garden, grunt_megastairs_4
Lair:4:   wander_river, layout_concentric_octagons, st_stairs_9,
          columned_hall_lemuel
Lair:5:   minmay_lair_end_enchanted_forest, layout_hall_layers, slime_entry_1,
          lookout_lair_type, uniq_sonja
Swamp:1:  layout_basic_swamp, serial_swamp_ruin, evilmike_swamp_ruin_rubble_1,
          hangedman_swamp_ruin_hall, cheibrodos_swamp_witchery
Swamp:2:  layout_falls_marsh, evilmike_swamp_ruin_house_5
Swamp:3:  layout_falls_marsh, evilmike_swamp_ruin_house_6
Swamp:4:  swamp_fiery, layout_basic_swamp, gammafunk_ghost_split,
          infiniplex_staircase_pool_2, uniq_mlioglotl
Snake:1:  layout_chambers, serial_shops, shop, grunt_megastairs_1
Snake:2:  minmay_snake_river, layout_onion_interference, ebering_ghost_xom,
          minmay_shop_grove
Snake:3:  layout_honeycomb, uniq_nikola
Snake:4:  snake_pit_salamanders_mu, layout_rooms
Orc:1:    layout_caves, gammafunk_ghost_grave, basic_altar
Orc:2:    grunt_orc_cross, layout_diamond_mine
Elf:1:    layout_geoelf_diagonals, minivault_28
Elf:2:    elven_hall_of_blades_hangedman_original
          [nicolae_blade_entry_crossed_weapons], layout_rooms, uniq_louise
Elf:3:    minmay_elf_hall, layout_gridlike, serial_shops, shop,
          grunt_ministairs_9, moated_statue, roderic_lattice_octagonal_star
Vaults:1: nicolae_vaults_surprise_closet_hard, nicolae_vaults_shrinking_rooms_2,
          vaults_room_door_hall, hangedman_vaults_restitches,
          nicolae_vaults_prndl, nicolae_vaults_diagonal_hallway_8,
          nicolae_vaults_doubleplus_tesselated, grunt_vaults_twisty,
          vaults_room_grunt_arrival_ludios, nicolae_vaults_trapezoid_2,
          nicolae_vaults_diagonal_hallway_8, vaults_room_hallway,
          nicolae_vaults_tetromino_Z_2, layout_vaults_omnicross, uniq_asterion,
          uniq_norris
Vaults:2: ploomutoo_gammafunk_ghost_potion_laboratory,
          ontoclasm_vaults_ring_large, v_misc_18,
          nicolae_vaults_storage_closets_1, nicolae_vaults_oval_intersection,
          nicolae_vaults_double_plus_1, ontoclasm_vaults_bender,
          nicolae_vaults_closet_pinwheel_6, nicolae_vaults_variable_pillar_hall,
          nicolae_vaults_ninety_degrees,
          nicolae_vaults_taking_the_gang_shopping, nicolae_vaults_sightless_eye,
          nicolae_vaults_storage_room_glass, vaults_room_pools,
          vaults_dpeg_ring, layout_vaults_maze_bifur

Skill      XL: |  1  2  3  4  5  6  7  8  9 10 11 12 13 14 15 16 17 18 19 20 21 |
---------------+----------------------------------------------------------------+-----
Fighting       | 2 4 5 7 9 11 12 13 | 13.7
Shapeshifting  | 4 5 7 8 10 12 14 15 16 17 18 20 22 24 | 24.1
Dodging        | 3 9 12 13 | 13.6
Unarmed Combat | 8 12 14 15 | 15.9
Shields        | 4 |  4.5
Conjurations   | 4 |  4.5
Fire Magic     | 4 |  4.5
Ice Magic      | 4 |  4.4
Earth Magic    | 4 |  4.3
Spellcasting   | 4 |  4.1
Armour         | |  0.3

Action                     |  1- 3 |  4- 6 |  7- 9 | 10-12 | 13-15 | 16-18 | 19-21 || total
---------------------------+-------+-------+-------+-------+-------+-------+-------++-------
  Melee: Unarmed           |   103 |   156 |   192 |   380 |   572 |   491 |   863 ||  2757
         Punch             |       |     2 |       |     3 |    16 |    42 |    58 ||   121
         Constrict         |       |       |    39 |    85 |       |       |       ||   124
         Tailslap          |       |       |       |     8 |   114 |    91 |   100 ||   313
         Bite              |       |       |       |     7 |    59 |    69 |    81 ||   216
         Scimitar          |       |       |       |       |    37 |       |       ||    37
  Throw: Dart              |       |       |       |       |       |       |     4 ||     4
 Invoke: Sacrifice Love    |       |       |       |     1 |       |       |       ||     1
         Sacrifice Stealth |       |       |       |     1 |       |       |       ||     1
         Reject Sacrifices |       |       |       |       |     2 |     1 |       ||     3
         Power Leap        |       |       |       |       |     5 |    20 |     6 ||    31
         Sacrifice Artific |       |       |       |       |     1 |       |       ||     1
         Apocalypse        |       |       |       |       |       |     7 |    14 ||    21
         Sacrifice Arcana  |       |       |       |       |       |     1 |       ||     1
         Sacrifice Purity  |       |       |       |       |       |     2 |       ||     2
         Draw Out Power    |       |       |       |       |       |       |     2 ||     2
Ability: Breathe Fire      |       |       |       |     1 |    82 |    61 |    12 ||   156
         Begin Untransform |       |       |       |       |     2 |       |     2 ||     4
         Siphon Essence    |       |       |       |       |       |       |     3 ||     3
  Evoke: Wand              |       |       |       |    21 |     7 |       |       ||    28
    Use: Scroll            |       |     4 |     2 |    19 |    18 |     9 |    16 ||    68
         Potion            |       |     2 |       |     2 |     1 |       |     8 ||    13
   Stab: Distracted        |       |       |       |     1 |     1 |     1 |     8 ||    11
         Invisible         |       |       |       |       |     3 |     6 |     7 ||    16
         Paralysed         |       |       |       |       |     1 |    11 |    12 ||    24
 Armour: Animal skin       |    32 |       |       |       |       |       |       ||    32
         Ring mail         |    22 |       |       |       |       |       |   183 ||   205
         Swamp dragon scal |     1 |    67 |       |       |       |       |       ||    68
         Skin              |       |    16 |   144 |   273 |   497 |   384 |   293 ||  1607
  Dodge: Dodged            |    71 |    78 |   107 |   145 |   561 |   450 |   590 ||  2002
  Block: Buckler           |       |       |       |       |       |       |   127 ||   127
         Reflection        |       |       |       |       |       |       |    35 ||    35
   Form: Anaconda          |       |       |     1 |       |       |       |       ||     1
         Dragon            |       |       |       |     1 |     1 |       |       ||     2
         Statue            |       |       |       |       |     1 |       |       ||     1
         Death             |       |       |       |       |       |       |     2 ||     2

Table legend: (Time is in decaauts)
 A = Elapsed time spent in this place.
 B = Non-inter-level travel time spent in this place.
 C = Inter-level travel time spent in this place.
 D = Time resting spent in this place.
 E = Time spent auto-exploring this place.
 F = Levels seen in this place.
 G = Mean time per level.
                   A        B        C        D        E       F      G
               +--------+--------+--------+--------+--------+-----+--------+
         Total |  51813 |  49182 |   2631 |  14991 |  24502 |  37 | 1400.4 |
       Dungeon |  18287 |  17139 |   1148 |   4273 |   9519 |  15 | 1219.1 |
        Temple |     66 |     66 |      0 |      0 |      0 |   1 |   66.0 |
          Lair |   9741 |   9012 |    729 |   3201 |   4001 |   5 | 1948.2 |
         Swamp |   4613 |   4482 |    131 |   1776 |   1609 |   4 | 1153.2 |
     Snake Pit |   6670 |   6417 |    253 |   1239 |   4225 |   4 | 1667.5 |
  Orcish Mines |   2298 |   2160 |    138 |    566 |   1097 |   2 | 1149.0 |
   Elven Halls |   4431 |   4351 |     80 |   1406 |   1979 |   3 | 1477.0 |
        Vaults |   5204 |   5055 |    149 |   2179 |   2034 |   2 | 2602.0 |
         Abyss |    498 |    498 |      0 |    348 |     38 |   1 |  498.0 |
               +--------+--------+--------+--------+--------+-----+--------+

Top non-repeatable levels by time:
  Lair:1: 3123 daAuts
Vaults:2: 2639 daAuts
Vaults:1: 2565 daAuts
  Lair:5: 2497 daAuts
    D:14: 2118 daAuts
   Elf:1: 2080 daAuts
 Snake:2: 1926 daAuts
    D:11: 1818 daAuts
 Snake:1: 1745 daAuts
  Lair:2: 1745 daAuts
 Snake:3: 1655 daAuts
   Elf:2: 1642 daAuts
 Swamp:4: 1487 daAuts
    D:15: 1470 daAuts
   Orc:2: 1452 daAuts
